Cogmind - Beta 10.2 @@@ ROGUE MODE // 2021.06.06 @ 15:09:07 Player: Finestep Result: Destroyed by S-27 Virus with Autogun Performance ------------- Evolutions (3) 1500 Regions Visited (10) 2000 Robots Destroyed (188) 940 Value Destroyed (4833) 4833 Prototype IDs (6) 120 Alien Tech Used (0) 0 Bonus (1328) 1328 TOTAL SCORE: 10721 Bonus ------- High Alert Combat Kills 793 Follower Combat Kills 220 Entered Garrisons 400 Used RIF Installer 500 Friendly Fire -585 Cogmind --------- Core Integrity 0/700 Matter 10/300 Energy 100/100 System Corruption 11% Temperature Cool (0) Movement Flying (35) Location -7/Garrison Parts ------- > --- POWER (1) -------- (None) > --- PROPULSION (3) --- Improved Flight Unit > --- UTILITY (7) ------ (None) > --- WEAPON (2) ------- (None) > --- INVENTORY (4) ---- Microactuators Advanced Component Analysis Suite Plasma Cutter Peak State ------------ > --- POWER ------------ Micro Nuclear Core > --- PROPULSION ------- Improved Treads Armored Huge Wheel > --- UTILITY ---------- Advanced Heat Sink High-capacity Storage Unit High-capacity Storage Unit High-capacity Storage Unit Advanced Weapon Cycler Hardened Light Armor Plating Relay Coupler [Grunt] > --- WEAPON ----------- Enhanced Autogun Flak Gun > --- INVENTORY -------- Makeshift Power Source Improved Flight Unit Improved Flight Unit Improved VTOL Module Large Battery Advanced Sensor Array Improved Armor Integrity Analyzer Kinecellerator Advanced Transmission Jammer Improved Propulsion Shielding Hacking Suite System Shield Relay Coupler [NC] Relay Coupler [NC] Relay Coupler [NC] Relay Coupler [Grunt] Relay Coupler [Grunt] Relay Coupler [Hunter] Relay Coupler [Hunter] Advanced Component Analysis Suite Hypervelocity Gauss Rifle Assault Cannon Gauss Cannon Rocket Launcher Datajack Plasma Cutter Ripper [Rating: 52] Favorites ----------- Power Makeshift Power Source Engine Makeshift Power Source Power Core Micro Nuclear Core Propulsion Light Treads Treads Light Treads Leg Carbon-fiber Leg Wheel Armored Wheel Flight Unit Improved Flight Unit Utility High-capacity Storage Unit Device Sensor Drone Bay Storage High-capacity Storage Unit Processor Improved Targeting Computer Hackware Relay Coupler [Grunt] Protection Hardened Light Armor Plating Weapon Autogun Energy Gun Gatling Laser Energy Cannon Beam Cannon Ballistic Gun Autogun Ballistic Cannon Assault Cannon Launcher Rocket Launcher Special Weapon Plasma Cutter Slashing Weapon Ripper Special Melee Weapon Datajack Build | -11 -10 -10 -9 -9 -9 -8 -8 -8 -7 -7 ------- Run | Scr Mat Min Mat Min Exi Min Mat Gar Fac Gar Slots Evolved 6 | . . . 2 . . . 2 . 2 . Power . | . . . . . . . . . . . Propulsion 1 | . . . . . . . 1 . . . Utility 5 | . . . 2 . . . 1 . 2 . Weapon . | . . . . . . . . . . . Parts Attached 178 | 7 7 7 17 12 12 . 33 32 30 21 Power 17 | 1 2 . 5 1 1 . 2 1 3 1 Engine 15 | 1 2 . 5 1 1 . 2 1 1 1 Core 2 | . . . . . . . . . 2 . Reactor . | . . . . . . . . . . . Propulsion 39 | 2 1 1 2 3 . . 13 8 4 5 Treads 26 | 2 1 . 2 3 . . 11 5 2 . Leg 4 | . . . . . . . . . . 4 Wheel 6 | . . 1 . . . . . 3 2 . Hover . | . . . . . . . . . . . Flight 3 | . . . . . . . 2 . . 1 Utility 48 | 1 3 . 4 5 3 . 9 6 10 7 Device 11 | . . . 1 2 . . 1 2 4 1 Storage 16 | 1 3 . 1 1 3 . 4 . . 3 Processor 2 | . . . . . . . 1 1 . . Hackware 4 | . . . . . . . . 1 1 2 Protection 15 | . . . 2 2 . . 3 2 5 1 Artifact . | . . . . . . . . . . . Weapon 74 | 3 1 6 6 3 8 . 9 17 13 8 Energy Gun 2 | 1 . . . . . . . . . 1 Energy Cannon 2 | . . 2 . . . . . . . . Ballistic Gun 43 | 2 1 3 6 3 4 . 5 10 6 3 Ballistic Cannon 3 | . . . . . . . . . 1 2 Launcher 10 | . . 1 . . 3 . . 3 3 . Special Weapon 3 | . . . . . . . 2 1 . . Impact Weapon . | . . . . . . . . . . . Slashing Weapon 7 | . . . . . 1 . 2 2 1 1 Piercing Weapon . | . . . . . . . . . . . Special Melee Weapon 4 | . . . . . . . . 1 2 1 Unidentified Prototypes 6 | . . . 1 1 . . 4 . . . Parts Lost 48 | . 2 3 3 9 2 . . 3 15 11 Power 7 | . 1 . 1 1 1 . . . 2 1 Propulsion 11 | . 1 1 . 2 . . . 1 3 3 Utility 10 | . . . . 3 . . . . 6 1 Weapon 20 | . . 2 2 3 1 . . 2 4 6 Highest Loss Streak 7 | . 1 3 2 7 2 . . 2 7 4 Average Slot Usage (%) 97 | . 98 99 99 97 99 100 99 99 96 69 Engine 9 | . 13 14 10 11 10 11 9 9 5 2 Treads 19 | . 27 20 15 21 22 22 27 14 7 . Wheel 3 | . . 7 6 . . . . 12 12 2 Device 6 | . . . 2 4 11 11 8 4 9 7 Storage 28 | . 26 28 33 32 33 33 27 27 23 21 Hackware 1 | . . . . . . . . . 6 6 Protection 4 | . . . 8 6 . . 8 4 11 2 Ballistic Gun 18 | . 28 22 19 20 20 22 16 15 13 1 Naked Turns 23 | . . . . . . . . . . 23 Heaviest Build 132 | 11 40 43 57 68 104 104 130 127 132 111 Greatest Support 65 | 40 40 40 40 40 40 40 65 60 28 40 Greatest Overweight (x) 35 | . . 3 4 2 2 2 2 10 10 35 Average Overweight (x) 2 | . . 1 2 1 1 2 1 5 4 2 Largest Inventory Capacity 28 | 6 16 16 20 20 26 26 28 28 28 28 Average Capacity 22 | 5 12 16 20 19 22 26 26 28 28 26 Most Carried 28 | 6 16 16 20 20 26 26 28 28 28 24 Average Carried 21 | 3 9 14 17 16 21 25 26 27 27 18 Final Capacity 28 | 6 16 16 20 20 26 26 28 28 28 4 Final Carried 28 | 6 16 14 20 20 26 26 28 28 25 3 Class Distribution -------------------- 76% | Hauler-Mutant 15% | Mutant 5% | Scavenger-Mutant Dominant Class ---------------- Mutant | -10/Materials Mutant | -10/Mines Hauler-Mutant | -9/Materials Hauler-Mutant | -9/Mines Hauler-Mutant | -9/Exiles Hauler-Mutant | -8/Mines Hauler-Mutant | -8/Materials Hauler-Mutant | -8/Garrison Scavenger-Mutant | -7/Factory Hauler-Mutant | -7/Garrison Resources | -11 -10 -10 -9 -9 -9 -8 -8 -8 -7 -7 ----------- Run | Scr Mat Min Mat Min Exi Min Mat Gar Fac Gar Matter Collected 6491 | 285 728 113 443 956 640 407 1346 656 679 238 Remotely . | . . . . . . . . . . . Salvage Created 7263 | 135 880 242 975 334 384 387 1580 597 1541 208 Parts 439 | 8 54 15 58 18 60 18 86 38 76 8 Haulers Intercepted 10 | . 1 . 4 . . . 4 . 1 . Recyclers Shooed 18 | . 3 2 3 3 . . 4 . 3 . Parts Field Recycled . | . . . . . . . . . . . Retrieved Matter . | . . . . . . . . . . . Parts Self-Destructed . | . . . . . . . . . . . Prevented . | . . . . . . . . . . . Kills | -11 -10 -10 -9 -9 -9 -8 -8 -8 -7 -7 ------- Run | Scr Mat Min Mat Min Exi Min Mat Gar Fac Gar Combat Hostiles Destroyed 110 | . 15 9 8 8 4 3 17 18 25 3 Melee 2 | . . . . 1 . . . 1 . . Guns 80 | . 15 6 8 7 . 3 17 8 15 1 Cannons 4 | . . . . . . . . . 2 2 AOE 24 | . . 3 . . 4 . . 9 8 . Classes Destroyed 20 | 2 6 . 3 2 3 . 1 . 3 . Worker 15 | . 1 . 1 1 . 1 8 . 3 . Builder 6 | . . . 2 1 . . 1 . 2 . Tunneler 4 | 2 . . . . . 2 . . . . Hauler 10 | . 1 . 4 . . . 4 . 1 . Recycler 24 | 1 4 1 4 2 . 2 5 . 5 . Mechanic 1 | . . . 1 . . . . . . . Operator 4 | . 1 . . . . . 3 . . . Drone 2 | . . . . . 1 . 1 . . . Turret 1 | . . . . . 1 . . . . . Watcher 8 | . 2 . 1 . . . 4 . 1 . Swarmer 41 | . 6 8 . 3 . . 7 13 4 . Grunt 41 | . 9 1 4 . . 3 5 4 14 1 Brawler 1 | . . . . . . . . . 1 . Duelist 2 | . . . . . . . . . 1 1 Sentry 12 | . . . 4 . . . 4 1 2 1 Demolisher 2 | . . . . 2 . . . . . . Hunter 2 | . . . . . . . 1 . 1 . Programmer 3 | . . . . . . . . . 2 1 Zionite 8 | . . . . . 8 . . . . . Assembled 6 | . . . . 2 4 . . . . . Best Kill Streak 9 | 3 3 4 8 3 4 4 5 9 7 1 Combat Bots Only 9 | . 3 3 4 3 4 3 4 9 5 1 Max Kills in Single Turn 3 | 1 1 3 2 1 2 1 2 3 2 1 Gunslinging 1 | . . . . . . . 1 . . . Exploded 3 | . . 3 . . 2 . . 3 2 . Melee 1 | . . . . 1 . . . 1 . . Uniques/NPCs Destroyed 4 | . . . . 1 3 . . . . . 8R-AWN (-9/Mines) EX-BIN (-9/Exiles) EX-DEC (-9/Exiles) EX-HEX (-9/Exiles) Combat | -11 -10 -10 -9 -9 -9 -8 -8 -8 -7 -7 -------- Run | Scr Mat Min Mat Min Exi Min Mat Gar Fac Gar Damage Taken 9893 | . 727 383 379 1229 649 97 1030 841 2870 1688 Core 1378 | . 163 73 65 59 65 50 64 125 334 380 Absorbed by Shields 372 | . . . 40 239 . . . . . 93 Core Remaining (%) 52 | 100 . 5 . . . 40 . 65 . . Volleys Fired 681 | 4 95 25 57 88 69 26 126 53 117 21 Largest 2 | 2 2 2 2 2 2 2 2 2 2 2 Hottest 120 | 60 40 40 120 46 46 46 51 51 73 72 Shots Fired 1270 | 8 190 49 111 166 121 51 239 89 220 26 Gun 1187 | 8 190 48 105 166 104 51 235 75 194 11 Cannon 39 | . . . 6 . . . . . 18 15 Launcher 32 | . . 1 . . 17 . . 6 8 . Special 12 | . . . . . . . 4 8 . . Kinetic 1217 | 5 190 48 105 166 104 51 235 75 212 26 Thermal 18 | . . . 6 . . . 4 8 . . Explosive 32 | . . 1 . . 17 . . 6 8 . Electromagnetic 3 | 3 . . . . . . . . . . Robot Hit Streak 32 | 6 18 17 16 24 12 13 32 17 14 4 Robot Miss Streak 6 | 1 6 3 3 5 4 4 6 2 4 5 Penetration Max 1 | . . . . . . . 1 1 . . Secondary Targets 13 | . 3 . . . . 1 4 1 4 . Max Gunslinging Chain 1 | . 1 . . . . 1 1 1 1 . Shots Hit Robots 864 | 6 112 31 79 124 71 33 170 63 153 22 Core Hits 365 | 4 41 19 31 30 42 12 67 28 79 12 Critical Hits 13 | . 1 1 1 1 . . 6 2 1 . Critical Kills 4 | . . . . . . . 3 . 1 . Critical Parts Destroyed 8 | . 1 1 1 1 . . 2 2 . . Melee Attacks 49 | . . . . . 9 . 12 16 7 5 Impact . | . . . . . . . . . . . Slashing 36 | . . . . . 9 . 12 12 2 1 Piercing . | . . . . . . . . . . . Sneak Attacks 8 | . . . . . . . 5 2 1 . Combat Hostiles . | . . . . . . . . . . . Follow-up Attacks . | . . . . . . . . . . . Damage Inflicted 18092 | 87 1126 424 999 1988 2576 507 3626 2243 4153 363 Guns 11629 | 87 1126 263 946 1975 914 507 2977 679 2004 151 Cannons 528 | . . . 53 . . . . . 287 188 Explosions 3559 | . . 161 . . 732 . 12 802 1852 . Melee 2209 | . . . . . 930 . 581 674 . 24 Ramming 28 | . . . . 13 . . 5 . 10 . Kinetic 12067 | 50 1126 263 946 1975 914 507 2977 679 2291 339 Thermal 332 | . . . 53 . . . 51 88 140 . Explosive 3407 | . . 161 . . 732 . . 802 1712 . Electromagnetic 49 | 37 . . . . . . 12 . . . Impact . | . . . . . . . . . . . Slashing 2209 | . . . . . 930 . 581 674 . 24 Piercing . | . . . . . . . . . . . Highest Corruption 11 | . 1 1 2 2 2 2 . . 6 11 Average Corruption 2 | . 1 1 2 2 2 2 . . 2 9 Corruption Purged . | . . . . . . . . . . . Effects 99 | . 4 . 11 24 17 15 . . 6 22 Message Errors 31 | . 1 . 4 10 6 6 . . 2 2 Matter Fused 6 | . . . . . . . . . . 6 Heat Flow Errors 23 | . . . 2 4 6 3 . . 3 5 Energy Discharges 12 | . 1 . 2 3 3 1 . . . 2 Data Loss (minor) 14 | . 1 . . 5 . 3 . . . 5 Data Loss (major) 1 | . . . . . . . . . . 1 Targeting Errors 8 | . 1 . 2 1 2 1 . . 1 . Weapon Failures 4 | . . . 1 1 . 1 . . . 1 Overload Shots . | . . . . . . . . . . . Overflow Damage 467 | . . . . . 129 . 105 105 128 . Projectiles . | . . . . . . . . . . . Explosions 250 | . . . . . 17 . . 105 128 . Melee 217 | . . . . . 112 . 105 . . . Knockbacks 5 | . . . . . . . . . 3 2 Impact . | . . . . . . . . . . . Kinetic 5 | . . . . . . . . . 3 2 Secondary . | . . . . . . . . . . . Self-Inflicted Damage 210 | . . 24 . . 40 . . 46 100 . Shots 6 | . . 1 . . 1 . . 2 2 . Rammed 5 | . . . . 2 . . 1 . 1 1 Targets Rammed 6 | . . . . 3 . . 1 . 1 1 Kicked . | . . . . . . . . . . . Crushed 1 | . . . . 1 . . . . . . Highest Temperature 326 | . 18 18 176 280 270 161 40 66 326 219 Average Temperature 50 | . 7 10 32 59 45 39 10 13 93 60 Received Heat Transfer 1983 | . 270 72 135 . . 54 360 288 687 117 Effects 1 | . . . . . . . . . 1 . Energy Bleed 1 | . . . . . . . . . 1 . Siege Activations . | . . . . . . . . . . . Robots Corrupted . | . . . . . . . . . . . Combat Hostiles . | . . . . . . . . . . . Parts Fried . | . . . . . . . . . . . Impact Corruptions . | . . . . . . . . . . . Robots Melted . | . . . . . . . . . . . Combat Hostiles . | . . . . . . . . . . . Parts Melted . | . . . . . . . . . . . Heat Transferred 655 | . . . 111 . . . 148 296 100 . Parts Sabotaged . | . . . . . . . . . . . Parts Stolen . | . . . . . . . . . . . Parts Stripped . | . . . . . . . . . . . Power Chain Reactions . | . . . . . . . . . . . Missiles Intercepted . | . . . . . . . . . . . Alert | -11 -10 -10 -9 -9 -9 -8 -8 -8 -7 -7 ------- Run | Scr Mat Min Mat Min Exi Min Mat Gar Fac Gar Peak Influence 1313 | 15 210 284 271 235 . 84 550 1313 1013 829 Initial 704 | . 9 29 110 105 . . . 185 688 704 Average 351 | 7 77 136 160 42 . 11 278 921 851 752 Maximum Alert Level 4 | . 1 1 1 1 . . 2 4 3 3 Low Security (%) 46 | 100 88 70 69 89 . 100 15 5 . . Level 1 22 | . 11 29 30 10 . . 72 13 . . Level 2 4 | . . . . . . . 12 6 3 5 Level 3 21 | . . . . . . . . 29 96 94 Level 4 5 | . . . . . . . . 44 . . Level 5 . | . . . . . . . . . . . High Security . | . . . . . . . . . . . Max Security . | . . . . . . . . . . . Squads Dispatched 17 | . 3 . 1 . . 1 7 . 5 . Investigation 5 | . 1 . 1 . . 1 1 . 1 . Extermination 1 | . . . . . . . . . 1 . Reinforcement 6 | . 2 . . . . . 3 . 1 . Assault 2 | . . . . . . . . . 2 . Garrison 3 | . . . . . . . 3 . . . Intercept . | . . . . . . . . . . . Construction Impeded . | . . . . . . . . . . . Haulers Reinforced . | . . . . . . . . . . . Stealth | -11 -10 -10 -9 -9 -9 -8 -8 -8 -7 -7 --------- Run | Scr Mat Min Mat Min Exi Min Mat Gar Fac Gar Distress Signals 8 | . . . . . . . 6 . 2 . Communications Jammed . | . . . . . . . . . . . Distress Signals . | . . . . . . . . . . . Times Spotted 245 | . 28 12 11 10 24 2 47 45 46 20 Peak Tracking Total 10 | . 4 3 4 3 8 2 8 5 10 6 Tactical Retreats 36 | . 1 3 . 1 5 . 2 13 3 8 Traps | -11 -10 -10 -9 -9 -9 -8 -8 -8 -7 -7 ------- Run | Scr Mat Min Mat Min Exi Min Mat Gar Fac Gar Traps Triggered 11 | . 2 . 1 . . . 1 3 . 4 Indirectly 1 | . . . . . . . 1 . . . Trap Hack Attempts . | . . . . . . . . . . . Triggered . | . . . . . . . . . . . Disarmed . | . . . . . . . . . . . Reprogrammed . | . . . . . . . . . . . Reused 2 | . . . . 2 . . . . . . Traps Extracted . | . . . . . . . . . . . Installed 2 | . . . . 2 . . . . . . Triggered . | . . . . . . . . . . . Machines | -11 -10 -10 -9 -9 -9 -8 -8 -8 -7 -7 ---------- Run | Scr Mat Min Mat Min Exi Min Mat Gar Fac Gar Machines Disabled 26 | . 1 . 1 . 9 . 6 5 4 . Max in Single Turn 2 | . 1 . 1 . 2 . 1 2 2 . Garrison Relay 3 | . . . . . . . . 3 . . Phase Generator 1 | . . . . . . . . 1 . . Machines Sabotaged . | . . . . . . . . . . . Garrisons Compromised . | . . . . . . . . . . . Overloaded Fab Kills . | . . . . . . . . . . . Fab Network Shutdowns . | . . . . . . . . . . . Hacking | -11 -10 -10 -9 -9 -9 -8 -8 -8 -7 -7 --------- Run | Scr Mat Min Mat Min Exi Min Mat Gar Fac Gar Machines Accessed 24 | . 6 . 3 1 . 1 6 . 7 . Terminals 16 | . 6 . 2 . . 1 3 . 4 . Fabricators 1 | . . . . . . . . . 1 . Repair Stations . | . . . . . . . . . . . Recycling Units 3 | . . . 1 . . . 1 . 1 . Scanalyzers 1 | . . . . . . . 1 . . . Garrison Access 2 | . . . . . . . 1 . 1 . Total Hacks 74 | . 20 . 9 1 . 4 22 . 18 . Successful 43 | . 12 . 4 1 . . 16 . 10 . Failed 31 | . 8 . 5 . . 4 6 . 8 . Catastrophic 4 | . 1 . . . . 1 1 . 1 . Database Lockouts . | . . . . . . . . . . . Manual 47 | . 18 . 6 . 1 5 11 . 6 . Terminals 55 | . 20 . 8 . . 4 11 . 12 . Fabricators 3 | . . . . . . . . . 3 . Repair Stations . | . . . . . . . . . . . Recycling Units 4 | . . . 1 . . . 2 . 1 . Scanalyzers 5 | . . . . . . . 5 . . . Garrison Access 6 | . . . . . . . 4 . 2 . Terminal Hacks 18 | . 7 . 2 1 . . 5 . 3 . Part Schematic 1 | . . . . . . . 1 . . . Robot Schematic 3 | . 2 . . . . . 1 . . . Robot Analysis 5 | . 3 . 1 . . . 1 . . . Open Door 1 | . . . . 1 . . . . . . Branch Access Points 1 | . . . 1 . . . . . . . Terminal Index 1 | . 1 . . . . . . . . . Unreport Threat 1 | . . . . . . . 1 . . . Locate Traps 3 | . 1 . . . . . 1 . 1 . Hauler Manifests 1 | . . . . . . . . . 1 . Zone Layout 1 | . . . . . . . . . 1 . Fabricator Hacks 2 | . . . . . . . . . 2 . Load Schematic 1 | . . . . . . . . . 1 . Build 1 | . . . . . . . . . 1 . Repair Station Hacks . | . . . . . . . . . . . Recycling Unit Hacks 2 | . . . . . . . 1 . 1 . Retrieve Components 2 | . . . . . . . 1 . 1 . Scanalyzer 4 | . . . . . . . 4 . . . Insert Component 2 | . . . . . . . 2 . . . Analyze 2 | . . . . . . . 2 . . . Garrison Access Hacks 2 | . . . . . . . 1 . 1 . Unlock Access 2 | . . . . . . . 1 . 1 . Unauthorized Hacks 15 | . 5 . 2 . . . 5 . 3 . Terminals 10 | . 5 . 1 . . . 2 . 2 . Track 3 | . 1 . 1 . . . 1 . . . Botnet 4 | . 3 . . . . . . . 1 . Operators 3 | . 1 . . . . . 1 . 1 . Fabricators . | . . . . . . . . . . . Repair Stations . | . . . . . . . . . . . Recycling Units 1 | . . . 1 . . . . . . . Tunnel 1 | . . . 1 . . . . . . . Scanalyzers . | . . . . . . . . . . . Garrison Access 4 | . . . . . . . 3 . 1 . Restock 1 | . . . . . . . 1 . . . Reprogram 2 | . . . . . . . 2 . . . Eject 1 | . . . . . . . . . 1 . Data Cores Recovered . | . . . . . . . . . . . Used . | . . . . . . . . . . . Hacking Detections 19 | . 6 . 2 . . 1 5 . 5 . Full Trace Events 1 | . . . . . . 1 . . . . Feedback Events . | . . . . . . . . . . . Feedback Blocked . | . . . . . . . . . . . Robot Schematics Acquired 3 | . 2 . . . . . 1 . . . Robots Built 1 | . . . . . . . . . 1 . Matter 153 | . . . . . . . . . 153 . Time 40 | . . . . . . . . . 40 . Total Robot Build Rating 1 | . . . . . . . . . 1 . Part Schematics Acquired 3 | . . . . . . . 3 . . . Parts Built . | . . . . . . . . . . . Matter . | . . . . . . . . . . . Time . | . . . . . . . . . . . Total Part Build Rating . | . . . . . . . . . . . Parts Repaired . | . . . . . . . . . . . Time . | . . . . . . . . . . . Parts Recycled . | . . . . . . . . . . . Recycled Matter . | . . . . . . . . . . . Retrieved Matter . | . . . . . . . . . . . Retrieved Components 15 | . . . . . . . 10 . 5 . Parts Scanalyzed 2 | . . . . . . . 2 . . . Part Schematics Acquired 2 | . . . . . . . 2 . . . Parts Damaged 1 | . . . . . . . 1 . . . Bothacking | -11 -10 -10 -9 -9 -9 -8 -8 -8 -7 -7 ------------ Run | Scr Mat Min Mat Min Exi Min Mat Gar Fac Gar Used RIF Installer 1 | . . . . . . . . 1 . . Robots Hacked 7 | . . . . . . . . 2 3 2 Non-combat . | . . . . . . . . . . . Combat 7 | . . . . . . . . 2 3 2 Robot Hacks Applied 8 | . . . . . . . . 2 4 2 find_garrison 1 | . . . . . . . . . 1 . overload_power 1 | . . . . . . . . . 1 . overwrite_iff 2 | . . . . . . . . . 1 1 streamctrl_high 1 | . . . . . . . . . . 1 formatsys_high 3 | . . . . . . . . 2 1 . Relay Couplers Released 21 | . . . . . . . 4 13 4 . Machine Destruction 13 | . . . . . . . . 13 . . Programmers 8 | . . . . . . . 4 . 4 . Attached 3 | . . . . . . . . 1 1 1 Robots Rewired . | . . . . . . . . . . . Allies Hacked 1 | . . . . . . . . . 1 . Hacks Repelled . | . . . . . . . . . . . Allies | -11 -10 -10 -9 -9 -9 -8 -8 -8 -7 -7 -------- Run | Scr Mat Min Mat Min Exi Min Mat Gar Fac Gar Total Allies 13 | . . . . 3 . . 3 2 3 2 Largest Group 3 | . . . . 3 3 1 3 2 2 1 Highest-Rated Group 47 | . . . . 40 40 14 47 45 45 16 Highest-Rated Ally 29 | . . . . 16 16 14 16 29 29 16 Total Orders 21 | . . . . . 7 . 5 3 3 3 STAY 5 | . . . . . 1 . 1 1 . 2 ROAM 1 | . . . . . 1 . . . . . FOLLOW 5 | . . . . . 4 . . . . 1 AID 1 | . . . . . . . . . 1 . EXPLORE 1 | . . . . . . . . . 1 . RETURN 8 | . . . . . 1 . 4 2 1 . Ally Attacks 92 | . . . . . 17 . 42 8 19 6 Total Damage 1174 | . . . . . 163 . 598 118 220 75 Kills 14 | . . . . . 3 . 7 3 1 . Allies Corrupted . | . . . . . . . . . . . Allies Melted . | . . . . . . . . . . . Intel | -11 -10 -10 -9 -9 -9 -8 -8 -8 -7 -7 ------- Run | Scr Mat Min Mat Min Exi Min Mat Gar Fac Gar Robot Analysis Total 5 | . 3 . 1 . . . 1 . . . Derelict Logs Recovered 2 | . . 1 . 1 . . . . . . Drone Launches 34 | . . . . 1 19 . 5 2 7 . Drone Recoveries 27 | . . . . . 16 . 4 2 5 . Exploration | -11 -10 -10 -9 -9 -9 -8 -8 -8 -7 -7 ------------- Run | Scr Mat Min Mat Min Exi Min Mat Gar Fac Gar Turns Passed 13466 | 129 1529 242 658 1772 1845 1215 2528 1359 1390 799 Spaces Moved 6165 | 66 748 118 309 767 814 510 1101 695 720 317 Core 52 | 4 . . . . . . . . . 48 Treads 4235 | 62 748 53 113 767 814 510 1101 67 . . Legs 180 | . . . . . . . . . . 180 Wheels 1692 | . . 65 196 . . . . 628 720 83 Hover . | . . . . . . . . . . . Flight 6 | . . . . . . . . . . 6 Fastest Speed 35 | 50 160 120 120 180 190 210 178 130 125 35 Average Speed 174 | 153 160 137 147 190 198 210 184 157 141 165 Slowest Speed 1800 | 160 160 160 180 210 210 210 200 200 190 1800 Overloaded Moves . | . . . . . . . . . . . Propulsion Burnouts . | . . . . . . . . . . . Robots Hopped . | . . . . . . . . . . . Cave-ins Triggered . | . . . . . . . . . . . Exploration Rate (%) 59 | 5 82 34 29 90 92 75 66 96 38 46 Regions Visited 10 Branch Regions 4 Pre-discovered Areas 1 | . . . 1 . . . . . . . Known Exits Taken 5 | . . . 1 1 1 . 1 . 1 . Unknown Exits Taken 4 | 1 1 1 . . . 1 . . . . Scrap Searched 3 | . . 1 . 1 . 1 . . . . Spaces Dug 21 | . . 6 . . . . 1 2 12 . Terrain Destroyed 240 | . . 6 . . 52 . 3 104 75 . Melee 3 | . . . . . . . 1 . 2 . Projectile 14 | . . . . . . . 2 6 6 . AOE 223 | . . 6 . . 52 . . 98 67 . Terrain Rammed . | . . . . . . . . . . . Walls Destroyed . | . . . . . . . . . . . Machines Disabled . | . . . . . . . . . . . Actions | -11 -10 -10 -9 -9 -9 -8 -8 -8 -7 -7 --------- Run | Scr Mat Min Mat Min Exi Min Mat Gar Fac Gar Total 7807 | 82 903 154 430 952 925 615 1366 843 989 548 Wait 463 | . 32 4 4 45 8 76 49 14 87 144 Move 6156 | 65 747 117 308 766 813 509 1100 694 720 317 Hop . | . . . . . . . . . . . Pick Up 134 | 6 15 1 22 22 9 2 14 10 14 19 Fast Attach 42 | 6 1 . 4 2 1 . 11 4 3 10 Attach 53 | . 2 3 6 10 1 . 3 7 12 9 Detach 3 | . . . 2 . . . 1 . . . Swap 83 | 1 4 4 7 . 10 . 19 21 15 2 Drop 105 | . 7 . 20 14 5 2 30 12 13 2 Fire 681 | 4 95 25 57 88 69 26 126 53 117 21 Melee 49 | . . . . . 9 . 12 16 7 5 Ram 2 | . . . . . . . . . 1 1 Kick . | . . . . . . . . . . . Crush 4 | . . . . 3 . . 1 . . . Escape Stasis 30 | . . . . . . . . 12 . 18 Rewire . | . . . . . . . . . . . Trap 2 | . . . . 2 . . . . . . Miscellaneous . | . . . . . . . . . . . Route ------- -11/Scrapyard -10/Materials (discovered 4 exits: *Mat x3 / [*Min]) -10/Mines -9/Materials -9/Mines (discovered 2 exits: *Mat / *Exi) -9/Exiles (discovered 2 exits: *Min x2) -8/Mines -8/Materials (discovered 3 exits: *Fac x2 / Gar) -8/Garrison (discovered 3 exits: *Fac x3) -7/Factory (discovered 6 exits: *Fac x2 / [*Sto x2] / [*Low] / Gar) -7/Garrison (discovered 2 exits: *Fac x2) History --------- Turn | Location | Event 2 | -11/Scrapyard | Met Revision 17 3 | -11/Scrapyard | Discovered new exit (range 15) 130 | -11/Scrapyard | Entered Materials 210 | -10/Materials | Discovered new exit (range 4) 302 | -10/Materials | Build established: Mutant 911 | -10/Materials | Discovered new exit (range 3) 1036 | -10/Materials | Discovered new exit (range 15) 1421 | -10/Materials | Core integrity fell below 50% 1623 | -10/Materials | Discovered new exit (range 9) 1659 | -10/Materials | Entered Mines 1753 | -10/Mines | Learned Materials interactive machine intel 1799 | -10/Mines | Lost 3 parts (1n2w) 1810 | -10/Mines | Core integrity fell below 20% 1894 | -10/Mines | Discovered new exit (range 5) 1901 | -10/Mines | Entered Materials 1901 | -9/Materials | Evolved 2 slots: Utility x2 1902 | -9/Materials | Loaded intel: 17 interactive machine locations 2229 | -9/Materials | Build established: Hauler-Mutant 2284 | -9/Materials | Identified exit to Mines 2559 | -9/Materials | Entered Mines 2566 | -9/Mines | Received a Rocket Launcher from a helpful Derelict 2621 | -9/Mines | Found a hidden stash of uninstalled traps 2684 | -9/Mines | Assembled infested the area 2735 | -9/Mines | Discovered new exit (range 5) 2754 | -9/Mines | Met 8R-AWN 2791 | -9/Mines | Attacked by 8R-AWN 2952 | -9/Mines | Destroyed 8R-AWN 2975 | -9/Mines | Lost 7 parts (1p2n2u2w) 3236 | -9/Mines | Discovered new exit (range 9) 3449 | -9/Mines | Joined a pair of Derelicts in attacking an 0b10 outpost 3632 | -9/Mines | Assisted by bots powering up and referring to "LRC-V3" 3765 | -9/Mines | Found the Drone Emporium 3774 | -9/Mines | Found Prototype Device 3774 | -9/Mines | Identified Sensor Drone Bay 3909 | -9/Mines | A weapon hastily lodged in a ceiling crevice suddenly fell to the ground 4282 | -9/Mines | Identified exit to Exiles 4331 | -9/Mines | Entered Exiles 4331 | -9/Exiles | Accompanied by 4 allies 4331 | -9/Exiles | Attacked by the Exiles 4396 | -9/Exiles | Discovered new exit (range 15) 4708 | -9/Exiles | Identified exit to Mines 4842 | -9/Exiles | Destroyed EX-BIN 4892 | -9/Exiles | Destroyed EX-DEC 5075 | -9/Exiles | Destroyed EX-HEX 6157 | -9/Exiles | Discovered exit to Mines (range 10) 6176 | -9/Exiles | Entered Mines 6176 | -8/Mines | Accompanied by 2 allies 6298 | -8/Mines | Discovered new exit (range 11) 7234 | -8/Mines | Core integrity fell below 50% 7391 | -8/Mines | Entered Materials 7391 | -8/Materials | Accompanied by 2 allies 7391 | -8/Materials | Evolved 2 slots: Propulsion x1, Utility x1 7491 | -8/Materials | Garrison activated, responded to threat 7523 | -8/Materials | Identified exit to Garrison 8675 | -8/Materials | Discovered new exit (range 6) 9208 | -8/Materials | Discovered new exit (range 15) 9919 | -8/Materials | Entered Garrison 9919 | -8/Garrison | Accompanied by 1 ally 9978 | -8/Garrison | Triggered checkpoint 10016 | -8/Garrison | Garrison Relay disabled 10202 | -8/Garrison | Triggered checkpoint 10232 | -8/Garrison | Triggered checkpoint 10235 | -8/Garrison | Destroyed 9 combat bots 10297 | -8/Garrison | Phase Generator disabled 10341 | -8/Garrison | Discovered new exit (range 9) 10355 | -8/Garrison | Identified exit to Factory 10362 | -8/Garrison | Installed Relay Interface Framework 10520 | -8/Garrison | Discovered exit to Factory (range 15) 10643 | -8/Garrison | Garrison Relay disabled 10804 | -8/Garrison | Triggered checkpoint 10870 | -8/Garrison | Discovered exit to Factory (range 3) 10937 | -8/Garrison | Garrison Relay disabled 11278 | -8/Garrison | Entered Factory 11278 | -7/Factory | Accompanied by 3 allies 11278 | -7/Factory | Evolved 2 slots: Utility x2 11486 | -7/Factory | Lost 3 parts (1n2u) 11556 | -7/Factory | Discovered new exit (range 41) 11571 | -7/Factory | Discovered new exit (range 51) 11622 | -7/Factory | Discovered new exit (range 114) 11632 | -7/Factory | Identified exit to Factory 11793 | -7/Factory | Build established: Scavenger-Mutant 12010 | -7/Factory | Fabricated M-13 Machinist (x1) 12356 | -7/Factory | Discovered exit to Factory (range 6) 12478 | -7/Factory | First assault squad dispatched 12503 | -7/Factory | P-70 Sage assimilated allied Machinist 4a 12543 | -7/Factory | Lost 4 parts (1p1n1u1w) 12560 | -7/Factory | Discovered new exit (range 9) 12657 | -7/Factory | Lost 7 parts (1p1n3u2w) 12668 | -7/Factory | Identified exit to Garrison 12668 | -7/Factory | Entered Garrison 12816 | -7/Garrison | Build established: Bothacker-Mutant 12887 | -7/Garrison | Triggered checkpoint 12892 | -7/Garrison | Triggered checkpoint 12901 | -7/Garrison | Core integrity fell below 50% 12948 | -7/Garrison | System corruption reached 10% 13066 | -7/Garrison | Core integrity fell below 20% 13070 | -7/Garrison | Released all parts (5) 13100 | -7/Garrison | Lost 4 parts (1u3w) 13288 | -7/Garrison | Discovered exit to Factory (range 12) 13393 | -7/Garrison | Build established: Hauler-Mutant 13436 | -7/Garrison | Triggered checkpoint 13453 | -7/Garrison | Discovered exit to Factory (range 14) 13464 | -7/Garrison | Released all parts (6) 13467 | -7/Garrison | Destroyed by S-27 Virus with Autogun Last Messages --------------- 13353_ Field strength at 70. 13354_ Field strength at 55. 13355_ Field strength at 40. 13356_ Field strength at 25. 13357_ Field strength at 10. 13358_ Stasis field depleted. 13436_ Beams of light sweep through the air. An alarm sounds. 13440_ System corrupted: Heat flow error (+251). 13450_ Assault Cannon destroyed. 13452_ Gatling Laser destroyed. 13453_ EXIT=FOUND: FACTORY 13455_ Aluminum Leg destroyed. 13461_ System corrupted: Energy discharge (-38). 13463_ Carbon-fiber Leg destroyed. 13464_ Released Hcp. Storage Unit. 13464_ Released System Shield. 13464_ Released Hcp. Storage Unit. 13464_ Released Carbon-fiber Leg. 13464_ Released Imp. Light Armor Plating. 13465_ Extracted 45 energy. Map ----- +----------------------------------------------------+ | ???????????????????????????????????????? | | ???????????????????????????????????????? | | ???????????????????????????????????????? | | ???????????????????????????????????????? | | ???????????????????????????????????????? | | ???????????????????????????????????????? | | ???????????????????????????????????????? | | ???????????????????????????????????????? | | ???????????????????????????????????????? | | ???????????????????????????????????????? | | ???????????????????????????????????????? | | ???????????????????????????????????????? | | ???????????????????????????????????????? | | ???????????????????????????????????????? | | ???????????????????????????????????????? | | ???????????????????????????????????????? | | ???????????????????????????????????????? | | ???????????????????????????????????????? | | ???????????????????????????????????????? | | ???????????????????????????????????????? | | ???????????????????????????????????????? | | ???????????????????????????????????????? | | ???????????????????????????????????????? | | ??????????############################## | | ??????????# s=!!l!!!] | | ??????????# @ =s!l!!= | | ??????????# s !s!!!!! | | ??????????# < #################### #### | | ??????????# ???????????????????# #??? | | ??????????###????????????????????# ?? | | ?????????????????????????????????# #? | | ?????????????????????????????????# #? | | ?????????????????????????????????# ###? | | ?????????????????????????????????# #??? | | ?????????????????????????????????# #??? | | ?????????????????????????????????# #??? | | ?????????????????????????????????# #??? | | ?????????????????????????????????# ??? | | ?????????????????????????????????? ??? | | ?????????????????????????????????? ??? | | ?????????????????????????????????? #??? | | ???????????????????????????????????????? | | ???????????????????????????????????????? | | ???????????????????????????????????????? | | ???????????????????????????????????????? | | ???????????????????????????????????????? | | ???????????????????????????????????????? | | ???????????????????????????????????????? | | ???????????????????????????????????????? | | ???????????????????????????????????????? | +----------------------------------------------------+ Best States ------------- Heat Dissipation 53 Energy Generation 15 Energy Capacity 280 Matter Stores 300 Matter Capacity 300 Sight Range 16 Terrain Scan Density 10 Jamming Range 16 Armor Coverage 375 Weapon Cycling 25 Evasion (%) 50 Targeting Accuracy 6 Recoil Reduction 3 Kinecelleration 30 Defensive Hacking 10 Relay Coupler Types 26 Relay Coupler Value 1 Item Schematics ----------------- Imp. VTOL Module | -8/Materials | Scanalyzed Arm. Treads | -8/Materials | Scanalyzed Hacking Suite | -8/Materials | Hacked Robot Schematics ------------------ M-13 Machinist | -10/Materials | Hacked O-16 Technician | -10/Materials | Hacked H-55 Commando | -8/Materials | Hacked Fabricated ------------ M-13 Machinist | x1 | -7/Factory Alien Tech Used ----------------- None Achievements -------------- None Challenges ------------ None Game ------ Seed MomentumInsulatedInterpreter Manual? 0 Play Time 01:26:59 Cumulative 551.4 hours Start 2021.06.06 @ 09:08:19 End 2021.06.06 @ 15:09:07 Sessions 9 Manual Loads 0 Difficulty Rogue Special Mode None Game No. 348 Rogue 348 Adventurer 0 Explorer 0 Win Type - Total 6 Types 4/0/1/0/1/0/0/0/0 Lore% 88 Gallery% 89 Achievement% 70 Wizard Run 0 Options --------- ASCII 0 Keyboard 0 Movement Mouse Keybinds 1 Fullscreen 2 Font 24/Smallcaps Map View 76x50 Tactical HUD 1 Map Filters NONE Filters NONE Steam X RUN: 2c93a982-cdbb-4086-8b14-2777c0aacad3